 Dungeon Crawl Stone Soup version 0.27.0-1-g7a089689b8 (webtiles) character file.

Game seed: 12005530046721552913

83 SnakkuSnakku7 the Chopper (level 4, -2/43 HPs)
             Began as a Gargoyle Berserker on Aug 11, 2021.
             Was a Believer of Trog.
             Slain by a river rat (6 damage)
             ... on level 3 of the Dungeon.
             The game lasted 00:02:04 (1561 turns).

SnakkuSnakku7 the Chopper (Gargoyle Berserker)      Turns: 1561, Time: 00:02:05

Health: -2/43      AC: 12    Str: 21    XL:     4   Next: 44%
Magic:  4/4        EV:  8    Int:  8    God:    Trog [**....]
Gold:   89         SH:  0    Dex:  9    Spells: 3/3 levels left

rFire    . . .     SeeInvis .   a - +0 hand axe
rCold    . . .     Faith    .   (no shield)
rNeg     + . .     Spirit   .   i - +0 chain mail
rPois    ∞         Reflect  .   (no helmet)
rElec    +         Harm     .   (no cloak)
rCorr    .         Rampage  .   (no gloves)
Will     .....                  (no boots)
Stlth    ..........             (no amulet)
HPRegen  0.14/turn              (no ring)
MPRegen  0.09/turn              (no ring)

@: berserking (expiring), very quick
A: sickness immunity, AC +3, negative energy resistance 1, electricity
resistance, torment resistance 1, petrification resistance
a: Renounce Religion, Berserk, Trog's Hand


You were on level 3 of the Dungeon.
You worshipped Trog.
Trog was pleased with you.
You visited 1 branch of the dungeon, and saw 3 of its levels.

You collected 89 gold pieces.

Inventory:

Hand Weapons
 a - a +0 hand axe (weapon)
Armour
 b - a +0 animal skin
 g - a +0 ring mail
 i - a +0 chain mail (worn)
Wands
 h - a wand of flame (19)
Scrolls
 c - a scroll of fear {unknown}
 d - 2 scrolls of immolation {unknown}
 e - 2 scrolls of identify {unknown}
 f - a scroll of noise {unknown}
 j - a scroll of vulnerability {unknown}


   Skills:
 - Level 4.0 Fighting
 + Level 4.2 Axes
 - Level 2.1 Armour
 - Level 1.5 Dodging


You had 3 spell levels left.
You didn't know any spells.
Your spell library was empty.

Dungeon Overview and Level Annotations

Branches:
Dungeon (3/15)

Altars:

Shops:
D:2 :   D:3 [


Innate Abilities, Weirdness & Mutations

You are immune to sickness and miasma.
Your stone body is resilient. (AC +3)
You are immune to poison.
You resist negative energy. (rN+)
You are resistant to electric shocks. (rElec)
You are resistant to unholy torment.
You are immune to petrification.


Message History

The giant cockroach bites you but does no damage.
Unknown command.
You slash the rat!
You kill the rat!
Trog accepts your kill.
You barely miss the river rat. You hit the giant cockroach.
You kill the giant cockroach!
Trog accepts your kill.
The river rat twitches its whiskers.
You closely miss the river rat. You hit the river rat. x2
The river rat bites you but does no damage.
The river rat bites you.
* * * LOW HITPOINT WARNING * * *
Unknown command.
Unknown command.
You slash the river rat!
The river rat is heavily wounded.
You hit the river rat. You barely miss the river rat. The river rat bites you.
* * * LOW HITPOINT WARNING * * *
The river rat barely misses you. The river rat closely misses you.
Unknown command.
You barely miss the river rat.
The river rat is heavily wounded.
You completely miss the river rat. You barely miss the river rat.
The river rat misses you.
Unknown command.
You hit the river rat but do no damage.
The river rat is heavily wounded.
You closely miss the river rat.
Your chain mail prevents you from hitting the river rat.
The river rat barely misses you. The river rat closely misses you.
The river rat bites you.
* * * LOW HITPOINT WARNING * * *
Unknown command.
You closely miss the river rat.
The river rat is heavily wounded.
You closely miss the river rat. You hit the river rat.
The river rat bites you but does no damage.
The river rat bites you.
You die...

#.# #.##
#..# ##.##
#..# ##.#
##.##
#.†.#
#.#@#
#..rrr...#
#.....≈≈≈#
#...≈≈≈.≈#
#...≈≈≈≈≈#
#..≈≈##+##
#.≈≈≈#
#.≈≈≈+


You could see 3 river rats.

Vanquished Creatures
  A gnoll (D:1)
  An adder (D:3)
  2 dart slugs
  An orc (D:3)
  9 ball pythons
  3 bats (D:1)
  4 endoplasms
  3 giant cockroaches
  2 goblins (D:1)
  4 hobgoblins
  11 jackals
  5 kobolds
  3 quokkas
  A frilled lizard (D:2)
  3 rats
53 creatures vanquished.

Notes
Turn   | Place    | Note
-------+----------+-------------------------------------------
     0 | D:1      | SnakkuSnakku7 the Gargoyle Berserker began the quest for
                  | the Orb.
     0 | D:1      | Reached XP level 1. HP: 14/14 MP: 1/1
    70 | D:1      | Found a faded altar of an unknown god.
   114 | D:1      | Reached XP level 2. HP: 14/19 MP: 2/2
   145 | D:1      | You fall into a shaft and drop 1 floor!
   428 | D:1      | Reached XP level 3. HP: 15/24 MP: 3/3
   758 | D:2      | Found Zuaryacw's Book Emporium.
   791 | D:2      | Reached ** piety under Trog
  1214 | D:2      | Reached XP level 4. HP: 29/29 MP: 4/4
  1401 | D:3      | Found Wuawotep's Antique Armour Shoppe.
  1561 | D:3      | Slain by a river rat

Illustrated notes

Levels and vault maps discovered:
D:1:      psy_arrival_fountain, layout_loops_ring,
          shapermc_ecumenical_altar_pompeii
D:2:      layout_loops_ring, serial_shops, shop
D:3:      layout_basic, nicolae_ru_the_path_less_chosen, portal_sewer_entry_e,
          serial_shops, shop, chequers_serial_rivers_micro_a, minmay_unequal

Skill      XL: |  1  2  3  4 |
---------------+-------------+-----
Axes           | 3 4 |  4.2
Fighting       | 4 |  4.0
Armour         | |  2.1
Dodging        | |  1.5

Action                   |  1- 3 |  4- 6 || total
-------------------------+-------+-------++-------
Melee: Hand axe          |   118 |    46 ||   164
Invok: Berserk           |     1 |     1 ||     2
Armor: Animal skin       |    17 |       ||    17
       Ring mail         |    29 |     6 ||    35
       Chain mail        |       |    29 ||    29
Dodge: Dodged            |    94 |    24 ||   118
